1961 views
Uploaded 2023-05-16 13:41:39
Game version 1.36 (6115)
28:00 long 2on2 ladder game on (4)HillsbradCreek_S2
Saved by Cabeelibob
1961 views
Uploaded 2023-05-16 13:41:39
Game version 1.36 (6115)
28:00 long 2on2 ladder game on (4)HillsbradCreek_S2


90 units @ 10.9k
/ 1.7k
78 buildings @ 9.3k
/ 4.6k



| Scroll of Regeneration | 5 | 500 |
| Lesser Clarity Potion | 2 | 140 |
| Potion of Healing | 1 | 150 |
| Scroll of Town Portal | 1 | 350 |
| total: | 9 | 1140g |
| Peasant | 8 | 600 | / | 0 |
| Footman | 7 | 945 | / | 0 |
| Rifleman | 8 | 1640 | / | 240 |
| Mortar Team | 10 | 1800 | / | 700 |
| total: | 33 | 4985g | / | 940w |
| Scout Tower | 24 | 720 | / | 480 |
| Arcane Tower | 2 | 140 | / | 100 |
| Guard Tower | 10 | 700 | / | 500 |
| Altar of Kings | 2 | 360 | / | 100 |
| Farm | 11 | 880 | / | 220 |
| Barracks | 1 | 160 | / | 60 |
| Blacksmith | 1 | 140 | / | 60 |
| Lumber Mill | 2 | 240 | / | 0 |
| Arcane Vault | 2 | 260 | / | 60 |
| Town Hall | 2 | 770 | / | 410 |
| Workshop | 1 | 140 | / | 140 |
| Keep | 1 | 320 | / | 210 |
| Castle | 1 | 360 | / | 210 |
| total: | 46 | 3670g | / | 1530w |
| 0:02 | Peasant |
| 0:02 | Peasant |
| 0:03 | Peasant |
| 0:05 | Altar of Kings |
| 0:19 | Farm |
| 0:27 | Barracks |
| 0:30 | Peasant |
| 0:45 | Peasant |
| 0:50 | Farm |
| 0:58 | Peasant |
| 1:08 | Peasant |
| 1:29 | Footman |
| 1:43 | Footman |
| 1:45 | Peasant |
| 1:48 | Scout Tower |
| 1:58 | Farm |
| 2:06 | Summon Water Elemental |
| 2:19 | Footman |
| 2:33 | Arcane Tower |
| 2:45 | Footman |
| 3:08 | Keep |
| 3:16 | Footman |
| 3:19 | Farm |
| 3:31 | Brilliance Aura |
| 3:39 | Blacksmith |
| 3:46 | Lumber Mill |
| 4:12 | Footman |
| 4:13 | Defend |
| 4:35 | Footman |
| 4:38 | Farm |
| 4:50 | Arcane Vault |
| 4:52 | Arcane Vault |
| 5:28 | Summon Water Elemental |
| 5:39 | Rifleman |
| 5:53 | Workshop |
| 6:32 | Rifleman |
| 6:34 | Farm |
| 6:57 | Storm Bolt |
| 7:01 | Mortar Team |
| 7:05 | Farm |
| 7:18 | Mortar Team |
| 7:21 | Black Gunpowder |
| 7:38 | Mortar Team |
| 8:10 | Brilliance Aura |
| 8:14 | Mortar Team |
| 8:23 | Bash |
| 9:44 | Mortar Team |
| 9:47 | Rifleman |
| 10:27 | Rifleman |
| 10:30 | Mortar Team |
| 10:31 | Rifleman |
| 10:36 | Farm |
| 10:37 | Farm |
| 11:17 | Mortar Team |
| 11:20 | Rifleman |
| 11:23 | Refined Gunpowder |
| 11:24 | Scroll of Regeneration |
| 11:25 | Lesser Clarity Potion |
| 11:25 | Potion of Healing |
| 12:13 | Scroll of Regeneration |
| 12:15 | Scroll of Town Portal |
| 12:21 | Mortar Team |
| 12:26 | Farm |
| 12:59 | Castle |
| 13:37 | Summon Water Elemental |
| 14:01 | Mortar Team |
| 15:35 | Storm Bolt |
| 15:51 | Mortar Team |
| 15:53 | Fragmentation Shards |
| 15:55 | Rifleman |
| 15:56 | Long Rifles |
| 15:57 | Rifleman |
| 16:58 | Flame Strike |
| 20:06 | Town Hall |
| 20:44 | Lumber Mill |
| 20:48 | Scout Tower |
| 20:50 | Scout Tower |
| 20:52 | Scout Tower |
| 20:55 | Scout Tower |
| 20:58 | Scout Tower |
| 21:03 | Scout Tower |
| 21:17 | Arcane Tower |
| 21:21 | Scout Tower |
| 21:25 | Scout Tower |
| 21:26 | Guard Tower |
| 21:29 | Improved Lumber Harvesting |
| 21:31 | Guard Tower |
| 21:34 | Scout Tower |
| 21:38 | Scout Tower |
| 22:16 | Guard Tower |
| 22:20 | Scout Tower |
| 22:22 | Scout Tower |
| 22:25 | Scout Tower |
| 22:35 | Scout Tower |
| 22:46 | Scroll of Regeneration |
| 22:52 | Guard Tower |
| 23:24 | Farm |
| 23:26 | Scout Tower |
| 23:29 | Altar of Kings |
| 23:31 | Guard Tower |
| 23:45 | Scroll of Regeneration |
| 23:55 | Guard Tower |
| 23:56 | Guard Tower |
| 24:22 | Scout Tower |
| 25:12 | Siphon Mana |
| 25:38 | Scroll of Regeneration |
| 25:51 | Town Hall |
| 26:17 | Scout Tower |
| 26:23 | Lesser Clarity Potion |
| 26:49 | Scout Tower |
| 26:52 | Scout Tower |
| 26:56 | Guard Tower |
| 27:15 | Guard Tower |
| 27:16 | Guard Tower |
| 27:19 | Scout Tower |
| 27:21 | Scout Tower |
| 27:23 | Scout Tower |
| 27:29 | Scout Tower |
| Right click | 1226 |
| Select | 697 |
| Select group | 170 |
| Build/train/purchase | 118 |
| Misc. action | 29 |
| Use ability | 27 |
| Chat | 25 |
| Assign group | 21 |
| Remove unit | 3 |
| Esc | 3 |
| Minimap ping | 3 |
| Item give/drop | 1 |
LookAtMe123
(27:56) : 

| Scroll of Town Portal | 1 | 350 |
| total: | 1 | 350g |
| Wisp | 38 | 2280 | / | 0 |
| Archer | 5 | 650 | / | 50 |
| Huntress | 4 | 780 | / | 80 |
| Dryad | 6 | 870 | / | 360 |
| Mountain Giant | 1 | 350 | / | 100 |
| Chimaera | 3 | 990 | / | 210 |
| total: | 57 | 5920g | / | 800w |
| Ancient Protector | 11 | 1485 | / | 880 |
| Altar of Elders | 1 | 180 | / | 50 |
| Ancient of War | 1 | 150 | / | 60 |
| Moon Well | 8 | 1440 | / | 320 |
| Hunter's Hall | 1 | 210 | / | 100 |
| Tree of Life | 4 | 1360 | / | 740 |
| Ancient of Wonders | 1 | 90 | / | 30 |
| Ancient of Lore | 2 | 310 | / | 290 |
| Chimaera Roost | 3 | 420 | / | 570 |
| Tree of Ages | 1 | 320 | / | 180 |
| Tree of Eternity | 1 | 330 | / | 200 |
| total: | 32 | 5645g | / | 3040w |
| 0:02 | Wisp |
| 0:11 | Altar of Elders |
| 0:17 | Ancient of War |
| 0:22 | Moon Well |
| 0:22 | Wisp |
| 0:31 | Wisp |
| 0:40 | Wisp |
| 1:01 | Wisp |
| 1:08 | Wisp |
| 1:22 | Archer |
| 1:25 | Wisp |
| 1:40 | Wisp |
| 1:44 | Moon Well |
| 1:58 | Wisp |
| 2:05 | Wisp |
| 2:13 | Force of Nature |
| 2:24 | Wisp |
| 2:39 | Moon Well |
| 2:50 | Tree of Ages |
| 3:04 | Archer |
| 3:11 | Archer |
| 3:43 | Hunter's Hall |
| 3:49 | Archer |
| 4:03 | Entangling Roots |
| 4:21 | Archer |
| 4:58 | Huntress |
| 5:21 | Huntress |
| 5:23 | Ancient of Lore |
| 5:25 | Ancient of Lore |
| 5:46 | Force of Nature |
| 6:01 | Huntress |
| 6:10 | Moon Well |
| 6:43 | Tree of Life |
| 6:58 | Trueshot Aura |
| 7:09 | Dryad |
| 7:33 | Abolish Magic |
| 7:34 | Dryad |
| 8:01 | Dryad |
| 8:40 | Moon Well |
| 9:06 | Wisp |
| 9:06 | Wisp |
| 9:06 | Wisp |
| 9:08 | Wisp |
| 9:08 | Wisp |
| 9:08 | Wisp |
| 9:08 | Wisp |
| 9:08 | Wisp |
| 10:33 | Huntress |
| 10:36 | Dryad |
| 10:39 | Ancient of Wonders |
| 10:41 | Tree of Eternity |
| 10:54 | Searing Arrows |
| 11:06 | Entangling Roots |
| 12:08 | Mountain Giant |
| 12:10 | Moon Well |
| 13:03 | Wisp |
| 13:07 | Chimaera Roost |
| 13:09 | Chimaera Roost |
| 13:12 | Chimaera Roost |
| 13:13 | Wisp |
| 13:13 | Wisp |
| 14:35 | Corrosive Breath |
| 14:38 | Chimaera |
| 14:41 | Chimaera |
| 15:14 | Moon Well |
| 15:15 | Moon Well |
| 15:33 | Trueshot Aura |
| 15:34 | Wisp |
| 16:20 | Chimaera |
| 18:41 | Nature's Blessing |
| 18:54 | Ancient Protector |
| 18:58 | Ancient Protector |
| 19:04 | Ancient Protector |
| 19:04 | Wisp |
| 19:05 | Wisp |
| 19:05 | Wisp |
| 19:41 | Ancient Protector |
| 19:44 | Ancient Protector |
| 19:46 | Ancient Protector |
| 19:48 | Ancient Protector |
| 19:51 | Ancient Protector |
| 20:22 | Tree of Life |
| 20:30 | Tree of Life |
| 21:32 | Ancient Protector |
| 21:34 | Ancient Protector |
| 21:36 | Wisp |
| 21:36 | Wisp |
| 21:36 | Wisp |
| 21:37 | Wisp |
| 21:37 | Wisp |
| 21:37 | Wisp |
| 21:37 | Wisp |
| 22:03 | Scroll of Town Portal |
| 22:31 | Tree of Life |
| 23:28 | Ancient Protector |
| 24:37 | Wisp |
| 24:38 | Wisp |
| 24:38 | Wisp |
| 24:49 | Wisp |
| 24:50 | Wisp |
| 25:06 | Dryad |
| 26:26 | Dryad |
| Select group | 1437 |
| Right click | 1408 |
| Select | 556 |
| Build/train/purchase | 88 |
| Assign group | 81 |
| Use ability | 42 |
| Resource trade | 15 |
| Remove unit | 5 |
| Misc. action | 1 |
| Esc | 1 |
| Minimap ping | 1 |
74 units @ 7.5k
/ 1.4k
83 buildings @ 6.6k
/ 2.9k
Cabeelibob
(194)
(27:59) : 

| Peasant | 16 | 1200 | / | 0 |
| total: | 16 | 1200g | / | 0w |
| Scout Tower | 25 | 750 | / | 500 |
| Arcane Tower | 8 | 560 | / | 400 |
| Guard Tower | 15 | 1050 | / | 750 |
| Altar of Kings | 2 | 360 | / | 100 |
| Farm | 4 | 320 | / | 80 |
| Lumber Mill | 2 | 240 | / | 0 |
| Town Hall | 3 | 1155 | / | 615 |
| Keep | 1 | 320 | / | 210 |
| Castle | 1 | 360 | / | 210 |
| total: | 36 | 2825g | / | 1295w |
| 0:04 | Altar of Kings |
| 0:08 | Farm |
| 0:10 | Peasant |
| 0:19 | Peasant |
| 0:32 | Peasant |
| 0:48 | Farm |
| 0:50 | Peasant |
| 1:05 | Lumber Mill |
| 1:32 | Peasant |
| 1:32 | Peasant |
| 1:39 | Scout Tower |
| 1:40 | Peasant |
| 2:06 | Storm Bolt |
| 2:13 | Scout Tower |
| 2:18 | Arcane Tower |
| 2:19 | Peasant |
| 2:21 | Improved Masonry |
| 2:22 | Improved Lumber Harvesting |
| 3:02 | Peasant |
| 3:02 | Peasant |
| 3:13 | Farm |
| 3:17 | Guard Tower |
| 3:23 | Scout Tower |
| 3:27 | Scout Tower |
| 3:35 | Peasant |
| 3:46 | Peasant |
| 3:47 | Advanced Masonry |
| 3:54 | Scout Tower |
| 4:12 | Scout Tower |
| 4:15 | Scout Tower |
| 4:19 | Arcane Tower |
| 4:22 | Guard Tower |
| 4:23 | Guard Tower |
| 4:27 | Peasant |
| 4:27 | Peasant |
| 4:56 | Scout Tower |
| 4:57 | Guard Tower |
| 4:59 | Scout Tower |
| 5:04 | Peasant |
| 5:13 | Arcane Tower |
| 5:25 | Scout Tower |
| 5:34 | Arcane Tower |
| 5:39 | Keep |
| 5:57 | Scout Tower |
| 5:59 | Arcane Tower |
| 6:05 | Scout Tower |
| 6:06 | Guard Tower |
| 6:13 | Arcane Tower |
| 6:15 | Scout Tower |
| 6:45 | Scout Tower |
| 6:49 | Scout Tower |
| 6:50 | Arcane Tower |
| 7:01 | Scout Tower |
| 7:02 | Guard Tower |
| 7:05 | Scout Tower |
| 7:08 | Scout Tower |
| 7:10 | Scout Tower |
| 7:11 | Scout Tower |
| 7:37 | Guard Tower |
| 7:40 | Scout Tower |
| 7:42 | Guard Tower |
| 7:45 | Guard Tower |
| 8:01 | Scout Tower |
| 8:07 | Castle |
| 8:11 | Guard Tower |
| 8:13 | Guard Tower |
| 8:37 | Guard Tower |
| 8:39 | Scout Tower |
| 8:42 | Arcane Tower |
| 8:44 | Scout Tower |
| 8:57 | Imbued Masonry |
| 9:08 | Scout Tower |
| 9:10 | Guard Tower |
| 9:35 | Holy Light |
| 10:01 | Guard Tower |
| 10:02 | Guard Tower |
| 11:45 | Altar of Kings |
| 12:39 | Lumber Mill |
| 20:40 | Farm |
| 22:56 | Town Hall |
| 23:07 | Town Hall |
| 24:26 | Peasant |
| 27:24 | Town Hall |
| Right click | 580 |
| Select group | 453 |
| Select | 222 |
| Build/train/purchase | 58 |
| Resource trade | 17 |
| Assign group | 14 |
| Use ability | 7 |
| Chat | 6 |
| Misc. action | 4 |
| Remove unit | 3 |
| Esc | 3 |


| Scroll of Regeneration | 1 | 100 |
| total: | 1 | 100g |
| Peasant | 22 | 1650 | / | 0 |
| Footman | 2 | 270 | / | 0 |
| Mortar Team | 10 | 1800 | / | 700 |
| Flying Machine | 22 | 2200 | / | 660 |
| Dragonhawk Rider | 2 | 400 | / | 60 |
| total: | 58 | 6320g | / | 1420w |
| Scout Tower | 19 | 570 | / | 380 |
| Arcane Tower | 4 | 280 | / | 200 |
| Guard Tower | 6 | 420 | / | 300 |
| Altar of Kings | 1 | 180 | / | 50 |
| Farm | 17 | 1360 | / | 340 |
| Barracks | 2 | 320 | / | 120 |
| Lumber Mill | 2 | 240 | / | 0 |
| Town Hall | 1 | 385 | / | 205 |
| Blacksmith | 1 | 140 | / | 60 |
| Arcane Vault | 1 | 130 | / | 30 |
| Cannon Tower | 2 | 240 | / | 200 |
| Workshop | 2 | 280 | / | 280 |
| Gryphon Aviary | 1 | 140 | / | 150 |
| Keep | 1 | 320 | / | 210 |
| Castle | 1 | 360 | / | 210 |
| total: | 47 | 3745g | / | 1615w |
| 0:02 | Peasant |
| 0:06 | Peasant |
| 0:17 | Altar of Kings |
| 0:19 | Farm |
| 0:20 | Peasant |
| 0:25 | Barracks |
| 0:29 | Barracks |
| 0:31 | Peasant |
| 0:39 | Peasant |
| 0:55 | Farm |
| 1:01 | Peasant |
| 1:15 | Peasant |
| 1:34 | Scout Tower |
| 1:37 | Footman |
| 1:48 | Peasant |
| 1:56 | Farm |
| 2:02 | Footman |
| 2:05 | Arcane Tower |
| 2:19 | Storm Bolt |
| 2:38 | Scout Tower |
| 2:40 | Scout Tower |
| 2:41 | Peasant |
| 2:41 | Peasant |
| 2:44 | Lumber Mill |
| 2:46 | Peasant |
| 3:23 | Peasant |
| 3:36 | Town Hall |
| 3:42 | Scout Tower |
| 3:49 | Guard Tower |
| 3:50 | Peasant |
| 3:50 | Peasant |
| 3:56 | Improved Lumber Harvesting |
| 4:23 | Peasant |
| 4:27 | Arcane Tower |
| 4:38 | Peasant |
| 4:54 | Blacksmith |
| 4:55 | Peasant |
| 5:00 | Peasant |
| 5:33 | Keep |
| 5:49 | Bash |
| 5:50 | Bash |
| 6:07 | Black Gunpowder |
| 7:00 | Scout Tower |
| 7:02 | Scout Tower |
| 7:04 | Scout Tower |
| 7:06 | Scout Tower |
| 7:13 | Iron Plating |
| 7:18 | Improved Masonry |
| 7:29 | Guard Tower |
| 7:31 | Guard Tower |
| 8:13 | Castle |
| 8:16 | Workshop |
| 8:23 | Workshop |
| 8:25 | Refined Gunpowder |
| 8:28 | Peasant |
| 8:29 | Peasant |
| 8:29 | Guard Tower |
| 8:33 | Peasant |
| 8:33 | Peasant |
| 9:25 | Mortar Team |
| 9:26 | Mortar Team |
| 10:35 | Mortar Team |
| 10:35 | Mortar Team |
| 10:57 | Scout Tower |
| 10:58 | Scout Tower |
| 11:01 | Mortar Team |
| 11:04 | Fragmentation Shards |
| 11:05 | Mortar Team |
| 11:15 | Farm |
| 11:17 | Farm |
| 11:18 | Farm |
| 11:18 | Farm |
| 11:32 | Guard Tower |
| 11:40 | Flak Cannons |
| 11:40 | Flying Machine Bombs |
| 11:42 | Flare |
| 12:18 | Scout Tower |
| 12:20 | Scout Tower |
| 12:22 | Scout Tower |
| 12:23 | Imbued Gunpowder |
| 12:28 | Advanced Lumber Harvesting |
| 12:28 | Advanced Masonry |
| 12:51 | Guard Tower |
| 12:54 | Scout Tower |
| 12:55 | Scout Tower |
| 13:02 | Farm |
| 13:03 | Farm |
| 13:31 | Divine Shield |
| 13:51 | Mortar Team |
| 14:11 | Farm |
| 14:13 | Farm |
| 14:15 | Steel Plating |
| 14:24 | Scout Tower |
| 14:25 | Scout Tower |
| 14:26 | Flying Machine |
| 14:26 | Flying Machine |
| 14:26 | Flying Machine |
| 14:27 | Flying Machine |
| 14:27 | Flying Machine |
| 14:27 | Flying Machine |
| 14:27 | Flying Machine |
| 14:33 | Farm |
| 15:05 | Cannon Tower |
| 15:06 | Scout Tower |
| 15:07 | Scout Tower |
| 15:12 | Farm |
| 15:13 | Farm |
| 15:13 | Farm |
| 15:33 | Mithril Plating |
| 15:34 | Studded Leather Armor |
| 15:40 | Flying Machine |
| 15:40 | Flying Machine |
| 15:40 | Flying Machine |
| 15:40 | Flying Machine |
| 15:43 | Flying Machine |
| 15:49 | Arcane Tower |
| 15:58 | Cannon Tower |
| 16:10 | Farm |
| 16:14 | Flying Machine |
| 16:14 | Flying Machine |
| 16:14 | Flying Machine |
| 17:40 | Mortar Team |
| 17:40 | Mortar Team |
| 19:31 | Holy Light |
| 19:38 | Arcane Tower |
| 19:42 | Lumber Mill |
| 19:45 | Reinforced Leather Armor |
| 20:07 | Storm Bolt |
| 21:09 | Storm Bolt |
| 23:24 | Flying Machine |
| 23:24 | Flying Machine |
| 23:24 | Flying Machine |
| 23:25 | Flying Machine |
| 23:25 | Flying Machine |
| 23:25 | Flying Machine |
| 23:25 | Flying Machine |
| 23:37 | Divine Shield |
| 24:16 | Bash |
| 24:17 | Bash |
| 24:18 | Holy Light |
| 24:52 | Gryphon Aviary |
| 24:54 | Arcane Vault |
| 26:00 | Mortar Team |
| 26:03 | Scroll of Regeneration |
| 26:13 | Farm |
| 26:51 | Cloud |
| 26:52 | Dragonhawk Rider |
| 26:52 | Dragonhawk Rider |
| Right click | 1604 |
| Select group | 752 |
| Select | 444 |
| Build/train/purchase | 116 |
| Misc. action | 103 |
| Use ability | 62 |
| Assign group | 32 |
| Resource trade | 15 |
| Minimap ping | 6 |
| Esc | 4 |
| Remove unit | 1 |